 Dungeon Crawl Stone Soup version 0.21-a0-286-g6fcecc0 (webtiles) character file.

8138 Spazmo the Destroyer (level 11, -11/54 HPs)
             Began as a Deep Elf Earth Elementalist on Sept 27, 2017.
             Was a Priest of Vehumet.
             Mangled by Gastronok (32 damage)
             ... on level 10 of the Dungeon.
             The game lasted 00:28:32 (9543 turns).

Spazmo the Destroyer (Deep Elf Earth Elementalist)  Turns: 9543, Time: 00:28:32

Health: -11/54     AC:  7    Str:  5    XL:     11   Next: 6%
Magic:  10/27      EV: 13    Int: 26    God:    Vehumet [***...]
Gold:   510        SH:  0    Dex: 15    Spells: 13/30 levels left

rFire    + . .     SeeInvis .   y - +3 quarterstaff (chaos)
rCold    . . .     Gourm    .   (shield currently unavailable)
rNeg     . . .     Faith    .   H - +1 robe "Caromo Noro" {rF+ Int+2}
rPois    .         Spirit   .   (no helmet)
rElec    .         Reflect  .   g - scarf {cloud immunity}
rCorr    .         Harm     .   (no gloves)
MR       +....                  (no boots)
Stlth    +++.......             (no amulet)
HPRegen  0.18/turn              F - ring of stealth
MPRegen  0.20/turn              G - +4 ring of protection

@: no status effects
A: no striking features
a: Renounce Religion


You were on level 10 of the Dungeon.
You worshipped Vehumet.
Vehumet was most pleased with you.
You were not hungry.

You visited 2 branches of the dungeon, and saw 11 of its levels.

You collected 510 gold pieces.

Inventory:

Hand Weapons
 w - a +4 short sword
 y - a +3 quarterstaff of chaos (weapon)
Missiles
 b - 199 stones (quivered)
Armour
 g - a scarf of cloud immunity (worn)
 H - the +1 robe "Caromo Noro" (worn) {rF+ Int+2}
   (You found it on level 10 of the Dungeon)

   It affects your intelligence (+2).
   It protects you from fire.
Jewellery
 n - an uncursed ring of resist corrosion
 B - an uncursed amulet of faith
 F - a ring of stealth (left hand)
 G - a +4 ring of protection (right hand)
Wands
 o - a wand of random effects (12/48)
 t - a wand of digging (6/24)
 A - a wand of lightning (9/15)
 E - a wand of lightning (3/15)
Scrolls
 f - 6 scrolls of remove curse
 j - a scroll of fog
 p - 2 scrolls of magic mapping
 s - 5 scrolls of teleportation
 x - 2 scrolls of blinking
 z - a scroll of fear
 D - a scroll of identify
Potions
 h - 3 potions of might
 i - a potion of cancellation
 l - 2 potions of curing
 m - a potion of invisibility {unknown}
 q - a potion of mutation {unknown}
 r - 3 potions of heal wounds
 u - a potion of degeneration {unknown}
 v - a potion of magic {unknown}
Books
 e - a book of Geomancy

   Spells                             Type                      Level
   a - Sandblast                      Earth                        1
   b - Passwall                       Transmutation/Earth          2
   c - Stone Arrow                    Conjuration/Earth            3
   d - Petrify                        Transmutation/Earth          4
   e - Lee's Rapid Deconstruction     Earth                        5
 C - a book of Flames

   Spells                             Type                      Level
   a - Flame Tongue                   Conjuration/Fire             1
   b - Throw Flame                    Conjuration/Fire             2
   c - Conjure Flame                  Conjuration/Fire             3
   d - Inner Flame                    Hexes/Fire                   3
   e - Sticky Flame                   Conjuration/Fire             4
   f - Fireball                       Conjuration/Fire             5
Comestibles
 a - 7 royal jellies
 c - 3 chunks of flesh
 d - 7 bread rations
 k - 4 meat rations


   Skills:
 - Level 3.0 Dodging
 - Level 3.0 Stealth
 - Level 10.0 Spellcasting
 - Level 10.6 Conjurations
   Level 1.1 Transmutations
 + Level 8.9 Fire Magic
 - Level 10.0 Earth Magic


You had 13 spell levels left.
You knew the following spells:

 Your Spells              Type           Power        Failure   Level  Hunger
a - Sandblast             Erth           ######       1%          1    None
b - Stone Arrow           Conj/Erth      ######       1%          3    None
c - Flame Tongue          Conj/Fire      #####        1%          1    None
d - Conjure Flame         Conj/Fire      ######..     1%          3    None
e - Sticky Flame          Conj/Fire      ######..     1%          4    None
f - Fireball              Conj/Fire      ######....   1%          5    ####...


Dungeon Overview and Level Annotations

Branches:
Dungeon (10/15)            Temple (1/1) D:4
   Lair: D:8-11         Orc: D:9-12

Altars:
Ashenzari
Cheibriados
Dithmenos
Elyvilon
Fedhas
Gozag
Hepliaklqana
Kikubaaqudgha
Makhleb
Nemelex Xobeh
Okawaru
Qazlal
Ru
Sif Muna
Trog
Uskayaw
Vehumet
Wu Jian
Xom
Yredelemnul
Zin
The Shining One

Annotations:
D:10 Gastronok


Message History

Confirm with . or Enter, or press ? or * to list all spells.
Aiming: Stone Arrow
Press: ? - help, Shift-Dir - straight line, f/p - Gastronok
Aim: Gastronok, wearing a glowing hat (lightly wounded)
The stone arrow hits Gastronok.
Gastronok is moderately wounded.
Gastronok waves his eye-stalks in wide circles.
The air twists around and strikes you!
Ouch! That really hurt!
Found a glowing leather armour.
Casting: Stone Arrow
Confirm with . or Enter, or press ? or * to list all spells.
Aiming: Sticky Flame
Press: ? - help, Shift-Dir - straight line, f/p - Gastronok
Aim: Gastronok, wearing a glowing hat (moderately wounded)
The sticky flame hits Gastronok.
Gastronok is moderately wounded.
Gastronok is covered in liquid flames!
Gastronok burns!
Gastronok bites you!!
Ouch! That really hurt!
You die...

####...........#......
...............#......
.[...........#......
...".........#......
[######'###''#####......
......................##
......................#
..................[...#
.......@..............#
......w...........#####
..................#
....############### ###


You could see Gastronok (burning).

Vanquished Creatures
  A two-headed ogre (D:8)
  The ghost of SteelSquire the Cleaver, a novice HOFi of Beogh (D:8)
  Pikel (D:4)
  2 trolls
  3 yaks (D:10)
  A human (D:7)
  4 hogs (D:7)
  An acid dragon (D:9)
  Duvessa (D:6)
  3 sky beasts
  An orc warrior (D:9)
  2 ice beasts
  5 ogres
  2 phantoms
  2 black bears
  2 centaurs (D:7)
  2 big kobolds (D:4)
  6 bullfrogs
  A wyvern zombie (D:6)
  Dowan (D:6)
  11 killer bees (D:10)
  6 scorpions
  10 wights
  A bullfrog zombie (D:6)
  2 centaur zombies (D:8)
  3 crimson imps
  A centaur skeleton (D:10)
  5 hounds
  Crazy Yiuf (D:6)
  5 orc priests
  An iguana (D:9)
  6 orc wizards
  Jessica (D:2)
  Terence (D:3)
  8 worker ants
  A killer bee zombie (D:7)
  A hound zombie (D:8)
  2 hound skeletons
  2 gnolls (D:2)
  7 adders
  5 shadow imps
  3 oozes
  4 worms
  5 leopard geckos
  29 orcs
  5 giant cockroaches
  9 goblins
  4 hobgoblins
  9 jackals
  17 kobolds
  7 quokkas
  A ball python (D:4)
  9 bats
  2 frilled lizards
  A giant cockroach zombie (D:5)
  2 jackal skeletons
  A leopard gecko skeleton (D:4)
  A quokka skeleton (D:6)
  3 rats
234 creatures vanquished.

Notes
Turn   | Place    | Note
-------+----------+-------------------------------------------
     0 | D:1      | Spazmo the Deep Elf Earth Elementalist began the quest for the Orb.
     0 | D:1      | Reached XP level 1. HP: 10/10 MP: 6/6
   333 | D:1      | Reached XP level 2. HP: 13/15 MP: 6/8
   745 | D:2      | Reached XP level 3. HP: 19/19 MP: 7/10
   750 | D:2      | Learned a level 3 spell: Stone Arrow
  1016 | D:2      | Found a glowing silver altar of Zin.
  1043 | D:2      | Reached skill level 1 in Conjurations
  1047 | D:2      | Reached XP level 4. HP: 19/24 MP: 6/12
  1109 | D:2      | Found an iron altar of Okawaru.
  1515 | D:2      | Found an iron altar of Okawaru.
  1662 | D:2      | Noticed Jessica
  1666 | D:2      | Killed Jessica
  1772 | D:3      | Found a deep blue altar of Sif Muna.
  1789 | D:3      | Noticed Terence
  1802 | D:3      | Killed Terence
  1802 | D:3      | Reached XP level 5. HP: 25/28 MP: 1/14
  1984 | D:3      | Reached skill level 5 in Spellcasting
  1993 | D:3      | HP: 1/28 [orc wizard/dagger (1)]
  2105 | D:3      | Reached XP level 6. HP: 17/32 MP: 10/16
  2301 | D:3      | Found a stormy altar of Qazlal.
  2647 | D:4      | Reached skill level 5 in Earth Magic
  2767 | D:4      | Reached XP level 7. HP: 36/36 MP: 5/18
  3101 | D:4      | Found a staircase to the Ecumenical Temple.
  3101 | D:4      | Noticed Pikel
  3134 | D:4      | Killed Pikel
  3134 | D:4      | Reached skill level 5 in Conjurations
  3134 | D:4      | Reached XP level 8. HP: 29/41 MP: 6/21
  3226 | Temple   | Entered the Ecumenical Temple
  3314 | Temple   | Became a worshipper of Vehumet
  3400 | D:4      | Found a white marble altar of Elyvilon.
  4056 | D:5      | Entered Level 5 of the Dungeon
  4628 | D:5      | Reached * piety under Vehumet
  4628 | D:5      | Offered knowledge of Flame Tongue by Vehumet.
  4637 | D:5      | Learned a level 1 spell: Flame Tongue
  4896 | D:6      | Noticed Duvessa
  4898 | D:6      | Noticed Dowan
  4902 | D:6      | Killed Duvessa
  4902 | D:6      | Reached XP level 9. HP: 45/45 MP: 11/24
  4904 | D:6      | Killed Dowan
  5672 | D:6      | Reached skill level 10 in Spellcasting
  5810 | D:6      | Found a runed door.
  5814 | D:6      | Noticed Crazy Yiuf
  5816 | D:6      | Killed Crazy Yiuf
  6154 | D:6      | Reached ** piety under Vehumet
  6158 | D:6      | Offered knowledge of Sting by Vehumet.
  6700 | D:7      | Reached skill level 10 in Earth Magic
  6812 | D:7      | Reached XP level 10. HP: 50/50 MP: 16/26
  6969 | D:7      | Reached skill level 1 in Fire Magic
  7001 | D:7      | Learned a level 3 spell: Conjure Flame
  7006 | D:7      | Learned a level 4 spell: Sticky Flame
  7012 | D:7      | Learned a level 5 spell: Fireball
  7024 | D:7      | Found a stormy altar of Qazlal.
  7292 | D:7      | Found an ancient bone altar of Kikubaaqudgha.
  7292 | D:7      | Found a shattered altar of Ashenzari.
  7292 | D:7      | Found a snail-covered altar of Cheibriados.
  7423 | D:8      | Noticed SteelSquire's ghost (novice HOFi)
  7430 | D:8      | Killed SteelSquire's ghost
  7430 | D:8      | Reached skill level 10 in Conjurations
  7527 | D:8      | Noticed a two-headed ogre
  7533 | D:8      | Killed a two-headed ogre
  7800 | D:8      | Offered knowledge of Static Discharge by Vehumet.
  7925 | D:8      | Reached skill level 5 in Fire Magic
  8562 | D:9      | Found a shimmering altar of Xom.
  8563 | D:9      | Found a hazy altar of Hepliaklqana.
  9180 | D:10     | Entered Level 10 of the Dungeon
  9180 | D:10     | Noticed a two-headed ogre
  9183 | D:10     | Reached *** piety under Vehumet
  9381 | D:10     | Got an ominously black robe
  9382 | D:10     | Identified the +1 robe "Caromo Noro" {rF+ Int+2} (You found it on level 10 of the Dungeon)
  9475 | D:10     | Reached XP level 11. HP: 54/54 MP: 25/27
  9536 | D:10     | Noticed Gastronok
  9543 | D:10     | Mangled by Gastronok

Vault maps used:
D:1:      saegor_arrival_simple_b
D:2:      zin_academy, lemuel_round_altar, first_bread,
          okawaru_altar_gauntlet_db, uniq_jessica
D:3:      nicolae_overflow_crystal_walls, nicolae_qazlal_eye_of_the_storm,
          corexii_leaking_fountain, uniq_terence
D:4:      cheibrodos_thug_alley, elyvilon_altar_4,
          minmay_temple_entry_statues_fountains, uniq_pikel
D:6:      uniq_duvessa, uniq_crazy_yiuf_cottage
D:7:      gammafunk_temple_overflow_forgotten, grunt_livestock,
          kennysheep_flooded_box
D:9:      regret_index_temple_of_mockery
D:10:     uniq_gastronok
Temple:   nicolae_temple_hex_pool

Skill      XL: |  1  2  3  4  5  6  7  8  9 10 |
---------------+-------------------------------+-----
Dodging        | 3 |  3.0
Stealth        | 3 |  3.0
Conjurations   | 1 2 4 5 7 9 10 | 10.6
Earth Magic    | 4 5 6 8 10 | 10.0
Spellcasting   | 4 5 6 7 9 10 | 10.0
Fire Magic     | 8 |  8.9
Transmutations | |  1.1

Action                   |  1- 3 |  4- 6 |  7- 9 | 10-12 || total
-------------------------+-------+-------+-------+-------++-------
Melee: Mace              |     6 |       |       |       ||     6
       Dagger            |     7 |    32 |    37 |       ||    76
       Quarterstaff      |       |       |       |     2 ||     2
 Cast: Sandblast         |    30 |    77 |    29 |    30 ||   166
       Stone Arrow       |       |     3 |   134 |    86 ||   223
       Flame Tongue      |       |       |       |    23 ||    23
       Fireball          |       |       |       |     5 ||     5
       Sticky Flame      |       |       |       |     4 ||     4
       Conjure Flame     |       |       |       |     2 ||     2
  Use: Scroll            |     3 |     2 |     5 |     4 ||    14
       Potion            |       |     1 |     1 |       ||     2
 Stab: Sleeping          |     2 |     3 |       |     1 ||     6
  Eat: Chunk             |       |     5 |     8 |     9 ||    22
       Fruit             |       |     1 |     2 |       ||     3
       Royal jelly       |       |       |     1 |       ||     1
Armor: Robe              |     8 |    13 |     6 |     4 ||    31
Dodge: Dodged            |    16 |    38 |    41 |    30 ||   125

Table legend:
 A = Spawn XP
 B = Non-spawn XP
 C = Spawn XP percentage of total XP
 D = Spawn monster count
 E = Non-spawn monster count
 F = Spawn count percentage of total count
 G = Total turns spent on level
                    A         B        C        D         E        F      G
               +---------+---------+-------+---------+---------+-------+---------
         Total |       0 |   11626 |   0.0 |       0 |     234 |   0.0 |  9543
               +---------+---------+-------+---------+---------+-------+---------
           D:1 |       0 |      25 |   0.0 |       0 |      13 |   0.0 |   739
           D:2 |       0 |     143 |   0.0 |       0 |      29 |   0.0 |   989
           D:3 |       0 |     260 |   0.0 |       0 |      20 |   0.0 |  1097
           D:4 |       0 |    1586 |   0.0 |       0 |      45 |   0.0 |  1130
           D:5 |       0 |     742 |   0.0 |       0 |      18 |   0.0 |   836
           D:6 |       0 |    1423 |   0.0 |       0 |      28 |   0.0 |  1509
           D:7 |       0 |    1720 |   0.0 |       0 |      26 |   0.0 |  1017
           D:8 |       0 |    2451 |   0.0 |       0 |      14 |   0.0 |   918
           D:9 |       0 |    1408 |   0.0 |       0 |      22 |   0.0 |   901
          D:10 |       0 |    1868 |   0.0 |       0 |      19 |   0.0 |   306
               +---------+---------+-------+---------+---------+-------+---------
